 Dungeon Crawl Stone Soup version 0.17.1-2-g5865329 (webtiles) character file.

122 Eucla the Skirmisher (level 4, -6/37 HPs)
             Began as a Demonspawn Monk on Mar 14, 2016.
             Was a Priest of Makhleb.
             Killed by divine providence
             ... invoked by an orc priest
              (14 damage)
             ... on level 3 of the Dungeon.
             The game lasted 00:04:19 (2976 turns).

Eucla the Skirmisher (Demonspawn Monk)              Turns: 2976, Time: 00:04:19

Health: -6/37      AC:  4    Str: 17    XL:     4   Next: 78%
Magic:  5/5        EV: 13    Int: 11    God:    Makhleb [***...]
Gold:   173        SH:  0    Dex: 16    Spells: 0 memorised, 3 levels left

rFire  . . .     SeeInvis .     t - +0 spear
rCold  . . .     Clarity  +     j - +0 leather armour (curse)
rNeg   . . .     SustAt   .     (no shield)
rPois  .         Gourm    .     (helmet restricted)
rElec  .         Spirit   .     (no cloak)
rCorr  .         Warding  .     q - +0 pair of gloves
rMut   .         Stasis   .     (no boots)
MR     +....                    n - amulet of clarity
Stlth  ++........               (no ring)
                                k - ring of protection from magic

@: mighty, lethally poisoned (-6 -> -26), somewhat resistant to hostile
enchantments, unstealthy
A: antennae 1, powered by pain 2
a: Minor Destruction, Lesser Servant of Makhleb, Renounce Religion


You were on level 3 of the Dungeon.
You worshipped Makhleb.
Makhleb was most pleased with you.
You were not hungry.

You visited 1 branch of the dungeon, and saw 3 of its levels.

You collected 173 gold pieces.

Inventory:

Hand Weapons
 t - a +0 spear (weapon)
 v - a +0 blowgun
Missiles
 w - 9 poisoned needles
Armour
 a - a +0 robe
 e - a +0 ring mail
 j - a cursed +0 leather armour (worn)
 q - a +0 pair of gloves (worn)
Jewellery
 k - a ring of protection from magic (left hand)
 n - an amulet of clarity (around neck)
 s - an uncursed ring of invisibility {unknown}
Scrolls
 c - 6 scrolls of identify {unknown}
 d - 3 scrolls of teleportation {unknown}
 l - a scroll of fog {unknown}
 u - a scroll of random uselessness {unknown}
 x - a scroll of blinking {unknown}
 y - a scroll of immolation {unknown}
Potions
 g - a potion of haste {unknown}
 h - a potion of brilliance {unknown}
 i - a potion of might {unknown}
 o - a potion of flight {unknown}
 p - a potion of magic {unknown}
 A - 2 potions of heal wounds {unknown}
Comestibles
 b - 2 bread rations
 f - 3 fruits
 m - 2 beef jerkies
 r - a meat ration
 z - a chunk of flesh


   Skills:
 + Level 3.9 Fighting
 * Level 0.6 Polearms
 + Level 1.8 Armour
 - Level 3.3 Dodging
 - Level 1.7 Stealth
 - Level 3.6 Unarmed Combat
 + Level 2.2 Invocations


You had 3 spell levels left.
You didn't know any spells.

Dungeon Overview and Level Annotations

Branches:
Dungeon (3/15)

Altars:
Ashenzari
Makhleb
Nemelex Xobeh
Trog

Annotations:
D:3 Robin


Innate Abilities, Weirdness & Mutations

You have a pair of small antennae on your head.
You sometimes gain power by taking damage.


Message History

You feel very mighty all of a sudden.
Robin roars a battlecry!
The goblins go into a battle-frenzy!
The goblin moves out of view.
An orc comes into view.
A demon appears!
You feel slightly more hungry.
* * * LOW HITPOINT WARNING * * *
You feel sick.
The kobold shoots a poisoned needle.
The orc shouts!
The poisoned needle hits your smoke demon.
Your smoke demon is poisoned.
Robin roars a battlecry!
An orc comes into view. It is wielding a mace.
* * * LOW HITPOINT WARNING * * *
You feel sick.
The kobold shoots a poisoned needle.
The poisoned needle hits your smoke demon!
Your smoke demon looks even sicker.
The orc priest invokes the aid of Beogh against you.
Something smites you!
You die...

......#..# #.#
......#..# #.#
.........# #.#
......##.# #.#
# ......##.#
#.# .#
......##.# #.#
##.# # ...####
#.# ..g ...
####
#.######g#goo..
#((.@(3Kg.o#
########)### {{
{ {... ####


You could see an orc priest, an orc, 3 goblins, a kobold and a friendly smoke
demon.

Vanquished Creatures
  5 adders (D:2)
  An ooze (D:2)
  2 worms
  5 hobgoblins
  5 kobolds
  A quokka (D:2)
  13 bats
  4 giant cockroaches
  6 giant newts
  12 goblins
  8 jackals
  7 rats
69 creatures vanquished.

Notes
Turn   | Place    | Note
--------------------------------------------------------------
     0 | D:1      | Eucla the Demonspawn Monk began the quest for the Orb.
     0 | D:1      | Reached XP level 1. HP: 18/18 MP: 1/1
   267 | D:1      | Gained mutation: You sometimes gain a little power by taking damage. [demonic ancestry]
   267 | D:1      | Reached XP level 2. HP: 24/24 MP: 2/2
   452 | D:1      | Reached skill level 1 in Armour
  1114 | D:2      | Found a burning altar of Makhleb.
  1131 | D:2      | Became a worshipper of Makhleb the Destroyer
  1131 | D:2      | Reached * piety under Makhleb
  1131 | D:2      | Reached ** piety under Makhleb
  1162 | D:2      | Gained mutation: You have a pair of small antennae on your head. [demonic ancestry]
  1162 | D:2      | Reached XP level 3. HP: 18/29 MP: 3/3
  1176 | D:2      | Reached skill level 1 in Invocations
  1693 | D:2      | Gained mutation: You sometimes gain power by taking damage. [demonic ancestry]
  1693 | D:2      | Reached XP level 4. HP: 7/36 MP: 5/5
  2068 | D:2      | Found a bloodstained altar of Trog.
  2206 | D:2      | Reached *** piety under Makhleb
  2691 | D:3      | Found a sparkling altar of Nemelex Xobeh.
  2708 | D:3      | Found a shattered altar of Ashenzari.
  2970 | D:3      | Noticed Robin
  2976 | D:3      | Killed from afar by an orc priest

Action                   |  1- 3 |  4- 6 || total
-------------------------+-------+-------++-------
Melee: Unarmed           |   165 |       ||   165
       Spear             |    39 |    93 ||   132
Invok: Lesser Servant of |       |     1 ||     1
 Stab: Sleeping          |     3 |       ||     3
  Eat: Chunk             |     3 |     4 ||     7
